 Dungeon Crawl Stone Soup version 0.27-a0-1513-g2aaa0cc67b (webtiles) character file.

Game seed: 3697779622405960769

4181 bande the Cleaver (level 10, -10/61 HPs)
             Began as a Gargoyle Fighter on July 10, 2021.
             Was a Believer of Okawaru.
             Mangled by a +1 hand axe of chaos (18 damage)
             ... on level 9 of the Dungeon.
             The game lasted 00:18:05 (10649 turns).

bande the Cleaver (Gargoyle Fighter)               Turns: 10649, Time: 00:18:06

Health: -10/61     AC: 25    Str: 22    XL:     10   Next: 28%
Magic:  11/11      EV: 11    Int:  9    God:    Okawaru [**....]
Gold:   487        SH: 17    Dex: 10    Spells: 9/9 levels left

rFire    . . .     SeeInvis .   z - +5 war axe
rCold    + . .     Faith    .   c - +1 kite shield
rNeg     + . .     Spirit   .   y - +0 plate armour
rPois    ∞         Reflect  +   (no helmet)
rElec    +         Harm     .   (no cloak)
rCorr    .         Rampage  .   i - +0 pair of gloves
Will     .....                  (no boots)
Stlth    ..........             n - amulet of reflection
HPRegen  0.20/turn              f - +4 ring of protection
MPRegen  0.12/turn              v - ring of protection from cold

@: agile, hasted, very quick
A: sickness immunity, AC +7, negative energy resistance 1, electricity
resistance, torment resistance 1, petrification resistance
a: Renounce Religion, Heroism


You were on level 9 of the Dungeon.
You worshipped Okawaru.
Okawaru was pleased with you.
You visited 2 branches of the dungeon, and saw 10 of its levels.

You collected 487 gold pieces.

Inventory:

Hand Weapons
 a - a +1 war axe
 w - a +3 flail
 z - a +5 war axe (weapon)
Armour
 c - a +1 kite shield (worn)
 i - a +0 pair of gloves (worn)
 y - a +0 plate armour (worn)
Jewellery
 f - a +4 ring of protection (left hand)
 n - an amulet of reflection (around neck)
 p - a ring of ice
 v - a ring of protection from cold (right hand)
Wands
 h - a wand of iceblast (2)
 q - a wand of flame (32)
 r - a wand of mindburst (20)
Scrolls
 j - 3 scrolls of teleportation
 k - a scroll of magic mapping
 l - 2 scrolls of enchant weapon
 o - a scroll of enchant armour
 u - 4 scrolls of identify
Potions
 b - a potion of berserk rage
 e - 4 potions of magic
 g - a potion of resistance
 m - 2 potions of cancellation
 s - 2 potions of heal wounds
 t - a potion of ambrosia
 x - a potion of curing
 A - 2 potions of might


   Skills:
 + Level 6.5 Fighting
 + Level 8.4 Axes
 + Level 6.7 Armour
 - Level 2.7 Dodging
 + Level 7.6 Shields
 * Level 1.4 Invocations
 * Level 4.2 Evocations


You had 9 spell levels left.
You didn't know any spells.
Your spell library contained the following spells:

 Spells                   Type           Power      Damage    Failure   Level
 Sandblast                Erth           0%         2d4       100%        1
 Shock                    Conj/Air       0%         1d3       100%        1
 Summon Small Mammal      Summ           0%         N/A       100%        1
 Passwall                 Tmut/Erth      0%         N/A       100%        2
 Call Canine Familiar     Summ           0%         N/A       100%        3
 Summon Guardian Golem    Hex/Summ       0%         N/A       100%        3
 Swiftness                Air            0%         N/A       100%        3
 Airstrike                Air            0%         N/A       100%        4
 Lee's Rapid Deconstruct  Erth           0%         3d5*      100%        5


Dungeon Overview and Level Annotations

Branches:
Dungeon (9/15)             Temple (1/1) D:7             Orc (0/2) D:9
   Lair: D:8-11

Altars:
Elyvilon
Fedhas
Gozag
Kikubaaqudgha
Okawaru
Qazlal
Ru
Trog
Uskayaw
Wu Jian
Xom
Yredelemnul
Zin

Shops:
D:4 ?

Annotations:
D:5 2 runed translucent doors, robertstho's ghost, novice DjFE
D:7 2 transporters
D:9 dolemite99's ghost, novice DjTm


Innate Abilities, Weirdness & Mutations

You are immune to sickness and miasma.
Your stone body is resilient. (AC +7)
You are immune to poison.
You resist negative energy. (rN+)
You are resistant to electric shocks. (rElec)
You are resistant to unholy torment.
You are immune to petrification.


Message History

The +1 hand axe of chaos is lightly damaged.
The +1 hand axe of chaos completely misses you.
You block the +1 hand axe of chaos's attack.
You closely miss the +1 hand axe of chaos.
The +1 hand axe of chaos hits you but does no damage. x2
You slash the +1 hand axe of chaos!
The +1 hand axe of chaos is heavily damaged.
You block the +1 hand axe of chaos's attack.
The +1 hand axe of chaos hits you but does no damage.
You miss the +1 hand axe of chaos.
The +1 hand axe of chaos is heavily damaged.
The +1 hand axe of chaos hits you.
You easily resist.
The +1 hand axe of chaos hits you but does no damage.
You slash the +1 hand axe of chaos!
The +1 hand axe of chaos is severely damaged.
You block the +1 hand axe of chaos's attack.
You miss the +1 hand axe of chaos.
The +1 hand axe of chaos is severely damaged.
The +1 hand axe of chaos hits you! The +1 hand axe of chaos hits you.
You closely miss the +1 hand axe of chaos.
The +1 hand axe of chaos is severely damaged.
The +1 hand axe of chaos hits you but does no damage.
You feel agile all of a sudden.
You block the +1 hand axe of chaos's attack.
You miss the +1 hand axe of chaos.
The +1 hand axe of chaos is severely damaged.
The +1 hand axe of chaos closely misses you.
The +1 hand axe of chaos hits you but does no damage.
You slash the +1 hand axe of chaos!
The +1 hand axe of chaos is almost destroyed.
The +1 hand axe of chaos hits you but does no damage.
The +1 hand axe of chaos hits you!
* * * LOW HITPOINT WARNING * * *
You miss the +1 hand axe of chaos.
The +1 hand axe of chaos is almost destroyed.
The +1 hand axe of chaos hits you but does no damage.
You feel yourself speed up. The +1 hand axe of chaos hits you.
* * * LOW HITPOINT WARNING * * *
Space warps horribly around you!!
You die...

.....# ########............
.....# #.# ############# .....#
#.# .....############.#########
...............)..........#######
..................)..............
........####.###.##..............
#####...# ###$#.##..............
# #...# #.W(@.#..#######..... #
#...######.#.....#######.....
#####........###.##..........>...
..........................[......
.<...............................
#################################


You could see a +1 hand axe of chaos and dolemite99's ghost.

Vanquished Creatures
  2 hornets
  A steam dragon (D:7)
  2 orc warriors
  3 sky beasts (D:8)
  3 black bears
  3 necrophages
  An ogre (D:6)
  A phantom (D:4)
  2 bullfrogs
  2 scorpions (D:4)
  A gnoll sergeant (D:7)
  A wyvern zombie (D:5)
  3 killer bees (D:9)
  16 wights
  3 howler monkeys (D:9)
  A bullfrog zombie (D:5)
  3 centaur zombies
  2 hounds
  2 jellies
  A centaur skeleton (D:6)
  6 orc priests
  Jessica (D:2)
  A bullfrog skeleton (D:6)
  8 orc wizards
  A howler monkey zombie (D:3)
  4 adders
  5 gnolls (D:7)
  2 ufetubi
  4 worms
  33 orcs
  5 bats
  8 endoplasms
  2 giant cockroaches
  6 goblins
  11 hobgoblins
  4 jackals (D:5)
  6 kobolds
  6 ball pythons
  4 frilled lizards
  8 rats
178 creatures vanquished.

Vanquished Creatures (others)
  A wizard (D:7)
  An orc wizard (D:9)
  A butterfly (D:9)
3 creatures vanquished.

Grand Total: 181 creatures vanquished

Notes
Turn   | Place    | Note
-------+----------+-------------------------------------------
     0 | D:1      | bande the Gargoyle Fighter began the quest for the Orb.
     0 | D:1      | Reached XP level 1. HP: 14/14 MP: 1/1
   169 | D:1      | Reached XP level 2. HP: 15/19 MP: 2/2
   531 | D:1      | Reached XP level 3. HP: 24/24 MP: 3/3
   814 | D:2      | Reached skill level 2 in Axes
   865 | D:2      | Noticed Jessica
   887 | D:2      | Killed Jessica
   957 | D:2      | Reached XP level 4. HP: 19/29 MP: 4/4
  1875 | D:3      | Reached XP level 5. HP: 33/33 MP: 5/5
  1881 | D:3      | Reached skill level 3 in Axes
  1894 | D:3      | Noticed a necrophage
  1895 | D:3      | Found a hide-covered altar of Uskayaw.
  1903 | D:3      | Killed a necrophage
  2133 | D:3      | Reached skill level 1 in Dodging
  2161 | D:3      | Reached XP level 6. HP: 39/39 MP: 6/6
  2397 | D:3      | Found a blossoming altar of Fedhas.
  2525 | D:4      | Noticed a necrophage
  2540 | D:4      | Killed a necrophage
  2541 | D:4      | Reached skill level 4 in Axes
  3074 | D:4      | Found Rorelyal's Magic Scroll Shop.
  3175 | D:4      | Reached XP level 7. HP: 44/44 MP: 7/7
  3868 | D:4      | Reached skill level 5 in Axes
  4093 | D:5      | Entered Level 5 of the Dungeon
  4292 | D:5      | Reached skill level 5 in Armour
  4292 | D:5      | Reached skill level 5 in Shields
  4631 | D:5      | Reached XP level 8. HP: 47/48 MP: 8/8
  5150 | D:5      | Reached skill level 5 in Fighting
  5261 | D:5      | Found a large runed translucent door.
  5261 | D:5      | Found a large runed translucent door.
  5273 | D:5      | Noticed robertstho's ghost (novice DjFE)
  5967 | D:6      | Reached skill level 6 in Axes
  6195 | D:6      | Reached skill level 1 in Evocations
  6650 | D:7      | Found a staircase to the Ecumenical Temple.
  6685 | Temple   | Entered the Ecumenical Temple
  6696 | Temple   | Became a worshipper of Warmaster Okawaru
  6732 | D:7      | Found a transporter.
  7133 | D:7      | Reached XP level 9. HP: 54/54 MP: 9/9
  7595 | D:7      | Found an ornate altar of the Wu Jian Council.
  7797 | D:7      | Found a transporter.
  7807 | D:7      | Found a bloodstained altar of Trog.
  7811 | D:7      | Noticed a wizard
  7816 | D:7      | Killed a wizard
  8110 | D:8      | Reached skill level 7 in Axes
  8456 | D:8      | Reached * piety under Okawaru
  8859 | D:8      | Noticed a hornet
  8874 | D:8      | Killed a hornet
  8874 | D:8      | Reached ** piety under Okawaru
  9176 | D:8      | Found a glowing silver altar of Zin.
  9202 | D:8      | Found an opulent altar of Gozag.
  9336 | D:9      | Noticed a hornet
  9349 | D:9      | Reached skill level 8 in Axes
  9349 | D:9      | Reached XP level 10. HP: 29/61 MP: 10/10
  9812 | D:9      | Found a runed translucent door.
  9812 | D:9      | Found a shimmering altar of Xom.
  9812 | D:9      | Noticed a +1 hand axe of chaos
  9812 | D:9      | Noticed dolemite99's ghost (novice DjTm)
  9838 | D:9      | Found a staircase to the Orcish Mines.
  9843 | D:9      | Reached skill level 1 in Invocations
 10116 | D:9      | Found a white marble altar of Elyvilon.
 10649 | D:9      | Mangled by a +1 hand axe of chaos

Illustrated notes

Levels and vault maps discovered:
D:1:      evilmike_arrival_hilbert_curve, layout_basic
D:2:      layout_basic, uniq_jessica
D:3:      layout_loops_ring, fedhas_altar_fruit_tree,
          nicolae_uskayaw_murder_on_the_dancefloor,
          wander_ebering_terrifying_dragon_lair
D:4:      layout_basic, serial_shops, shop_fountains
D:5:      layout_basic, ebering_ghost_disaster_area, kennysheep_boxes
D:6:      layout_loops_ring, wad_floor_pattern_2
D:7:      gammafunk_cloud_chamber, layout_basic, trog_wizard,
          pdpol_wu_jian_five_deadly_venoms, minmay_temple_entry_glassed_door,
          roderic_serpentine_path
D:8:      layout_rooms, zin_statuary, grunt_gozag_statues
D:9:      layout_small_grid, nicolae_elyvilon_peaceful_grove, david_orc_2,
          ebering_ghost_xom, minmay_misc_feat_tiny, kennysheep_generic_room_12
Temple:   nicolae_temple_god_jail

Skill      XL: |  1  2  3  4  5  6  7  8  9 10 |
---------------+-------------------------------+-----
Axes           | 2 3 4 5 6 8 |  8.4
Fighting       | 4 5 6 |  6.5
Shields        | 4 5 6 7 |  7.6
Dodging        | 1 2 |  2.7
Armour         | 4 5 6 |  6.7
Evocations     | 1 3 4 |  4.2
Invocations    | 1 |  1.4

Action                   |  1- 3 |  4- 6 |  7- 9 | 10-12 || total
-------------------------+-------+-------+-------+-------++-------
Melee: War axe           |    83 |   144 |   382 |    80 ||   689
  Use: Scroll            |     4 |     5 |     6 |     1 ||    16
       Potion            |     1 |     1 |     4 |       ||     6
Armor: Scale mail        |    44 |    72 |   127 |       ||   243
       Chain mail        |       |       |   129 |    31 ||   160
       Plate armour      |       |       |       |    31 ||    31
Dodge: Dodged            |    26 |    37 |   131 |    19 ||   213
Block: Kite shield       |    63 |    74 |   352 |    76 ||   565

Table legend: (Time is in decaauts)
 A = Elapsed time spent in this place.
 B = Non-inter-level travel time spent in this place.
 C = Inter-level travel time spent in this place.
 D = Time resting spent in this place.
 E = Time spent auto-exploring this place.
 F = Levels seen in this place.
 G = Mean time per level.
                   A        B        C        D        E       F      G
               +--------+--------+--------+--------+--------+-----+--------+
         Total |  10942 |  10942 |      0 |   2972 |   5968 |  10 | 1094.2 |
       Dungeon |  10921 |  10921 |      0 |   2972 |   5967 |   9 | 1213.4 |
        Temple |     20 |     20 |      0 |      0 |      1 |   1 |   20.0 |
               +--------+--------+--------+--------+--------+-----+--------+

Top non-repeatable levels by time:
     D:4: 1633 daAuts
     D:7: 1610 daAuts
     D:5: 1339 daAuts
     D:9: 1334 daAuts
     D:8: 1220 daAuts
     D:6: 1172 daAuts
     D:2: 964 daAuts
     D:3: 842 daAuts
     D:1: 804 daAuts
  Temple: 20 daAuts
